Remparts vs Knights
Created - 26 février 2017 at 19:29
Goals
|
| Remparts |
0 |
1 |
1 |
2 |
| Knights |
0 |
1 |
3 |
4 |
|
Shots
|
| Remparts |
9 |
13 |
13 |
35 |
| Knights |
5 |
18 |
15 |
38 |
|
1st period
No Goal
Penalties :
Kevin Hayes (Lon) for High sticking (Minor) at 5:26, Nikita Nikitin (Lon) for Roughing (Minor) at 10:07
2nd period
1. Knights , Joe Colborne 15 (Jimmy Hayes, Jason Zucker) at 10:34 (PP)
2. Remparts , Matt Halischuk 4 (Pasi Salonen, Brandon Gormley) at 11:04
Penalties :
Tomas Kundratek (Lon) for High sticking (Minor) at 5:08, Nate Guenin (Que) for Holding (Minor) at 9:46, Jason Zucker (Lon) for Tripping (Minor) at 13:19, Ryan Nugent-Hopkins (Lon) for Interference (Minor) at 17:40
3rd period
3. Knights , Kevin Hayes 5 (Scott Jackson, Jonathan Huberdeau) at 7:48
4. Knights , Joe Colborne 16 (Zach Trotman) at 13:35
5. Remparts , Matt Halischuk 5 (Jonathan Matsumoto, Brandon Gormley) at 13:49
6. Knights , Chris Thorburn 26 (Jared Spurgeon, Zack Hamill) at 16:32
Penalties :
Matt Halischuk (Que) for Hooking (Minor) at 18:18
Goalie Stats
Petr Mrazek (Que), 34 saves from 38 shots - (0,895), L, 12-11-3, 60:00 minutes
Ben Scrivens (Lon), 33 saves from 35 shots - (0,943), W, 15-4-2, 60:00 minutes
Players Stats for Remparts
Player Name G A P +/- PIM S H SB GA TA FO MP PP MP PK MP
------------------------------------------------------------------------------------
Brandon Gormley 0 2 2 1 0 2 1 2 0 0 0/0 28:51 5:46 1:57
Cédric Lalonde-McNicoll 0 0 0 0 0 2 0 0 0 0 2/5 9:27 0:00 1:48
Erik Gustafsson 0 0 0 -1 0 0 1 1 0 0 0/0 10:27 0:00 0:00
Geordie Wudrick 0 0 0 0 0 1 1 0 0 0 0/0 7:39 0:00 0:00
Guillaume Desbiens 0 0 0 0 0 1 2 1 1 0 0/0 16:03 3:51 0:00
Ivan Vishnevski 0 0 0 -1 0 0 0 0 0 1 0/0 10:27 0:00 0:00
Johannes Salmonsson 0 0 0 0 0 1 1 1 1 1 0/1 17:51 3:51 1:48
Jonathan Cheechoo 0 0 0 0 0 1 5 0 0 0 0/0 8:03 0:00 0:24
Jonathan Matsumoto 0 1 1 0 0 6 0 0 1 1 25/42 23:10 6:04 0:00
Luca Caputi 0 0 0 -1 0 0 2 0 1 0 0/0 10:49 0:10 0:00
Matt Halischuk 2 0 2 0 2 5 4 0 1 1 0/0 23:09 6:04 0:00
Max Reinhart 0 0 0 -1 0 1 0 0 0 0 5/7 10:50 0:00 0:11
Mika Zibanejad 0 0 0 0 0 1 1 0 0 1 5/12 16:09 3:51 0:06
Nate Guenin 0 0 0 -1 2 0 0 1 1 0 0/0 20:41 4:09 0:32
Pasi Salonen 0 1 1 0 0 7 3 2 0 0 1/3 23:41 5:54 0:41
Petr Straka 0 0 0 -1 0 2 2 0 0 0 0/0 10:39 0:00 0:00
Radko Gudas 0 0 0 1 0 4 1 0 0 2 0/0 29:10 5:46 1:57
William Colbert 0 0 0 -1 0 1 0 1 0 0 0/0 20:23 4:09 0:32
Players Stats for Knights
Player Name G A P +/- PIM S H SB GA TA FO MP PP MP PK MP
------------------------------------------------------------------------------------
Chris Thorburn 1 0 1 -1 0 4 4 0 5 1 0/0 24:14 1:29 6:01
Cody Bass 0 0 0 1 0 4 2 0 0 0 4/10 13:42 0:09 3:00
Jared Spurgeon 0 1 1 2 0 1 1 2 0 2 0/0 26:11 1:25 6:11
Jason Zucker 0 1 1 -1 2 1 1 0 0 0 1/2 18:58 1:00 1:00
Jimmy Hayes 0 1 1 1 0 3 3 4 0 0 8/14 18:41 1:00 5:55
Joe Colborne 2 0 2 1 0 6 3 1 1 0 7/11 12:46 1:00 0:00
Jonathan Huberdeau 0 1 1 1 0 1 2 0 0 0 0/0 10:59 0:00 0:54
Kevin Hayes 1 0 1 1 2 5 1 1 0 1 0/0 10:23 0:00 0:00
Linden Vey 0 0 0 0 0 1 1 0 0 0 0/0 8:30 0:00 0:00
Michael Raffl 0 0 0 1 0 0 1 1 0 0 1/1 16:37 1:20 3:00
Michael Stone 0 0 0 1 0 0 1 0 0 0 0/0 10:59 0:00 0:23
Nikita Nikitin 0 0 0 -2 2 0 0 0 1 0 0/0 22:11 1:04 2:41
Ronalds Kenins 0 0 0 0 0 1 0 1 0 0 0/0 8:20 0:00 0:00
Ryan Nugent-Hopkins 0 0 0 0 2 1 0 0 0 0 1/2 8:26 0:00 0:00
Scott Jackson 0 1 1 2 0 3 2 2 0 0 0/0 19:47 1:04 3:44
Tomas Kundratek 0 0 0 -2 2 2 2 5 0 2 0/0 27:58 1:25 4:31
Zach Trotman 0 1 1 1 0 1 0 0 0 0 0/0 12:55 0:00 2:20
Zack Hamill 0 1 1 -1 0 4 2 0 0 0 10/30 18:23 1:29 0:00
3 Stars
1 - Joe Colborne (Lon)
2 - Matt Halischuk (Que)
3 - Brandon Gormley (Que)
Power Play
Remparts - 0 on 5 Attempt(s) - 0,00%
Knights - 1 on 2 Attempt(s) - 50,00%
Penalty Kill
Remparts - 1 on 2 Attempt(s) - 50,00%
- Score 0 goal in Penalty Kill
Knights - 5 on 5 Attempt(s) - 100,00%
- Score 0 goal in Penalty Kill
Team Stat
Remparts - Hits : 24 - Faceoff Wins : 38 - Blocked Shots : 9 - Penalty Minutes : 4
Knights - Hits : 26 - Faceoff Wins : 32 - Blocked Shots : 17 - Penalty Minutes : 10
Official
Referees : LaRue Dennis and O'Halloran Dan
Linesman : Derek Nansen and Mark Wheler
Game Notes
No Game Note
Finance
Level 1 -- Attendance: 1476 (73,80%) -- Ticket Income 51 660 $
Level 2 -- Attendance: 774 (77,40%) -- Ticket Income 15 480 $
Total Attendance: 2250 (75,00%)
Total Ticket Income: 67 140 $
Other Income: 3 357 $
Total Income: 70 497 $
Remparts
5 vs 5 Forward
Center Left Wing Right Wing Time % Phy DF OF
1 Jonathan Matsumoto Pasi Salonen Matt Halischuk 40 0 2 3
2 Mika Zibanejad Johannes Salmonsson Guillaume Desbiens 30 0 2 3
3 Max Reinhart Luca Caputi Petr Straka 20 0 3 2
4 Cédric Lalonde-McNicoll Geordie Wudrick Jonathan Cheechoo 10 1 2 2
5 vs 5 Defense
Defense Defense Time % Phy DF OF
1 Brandon Gormley Radko Gudas 40 0 2 3
2 Nate Guenin William Colbert 30 0 2 3
3 Ivan Vishnevski Erik Gustafsson 20 1 2 2
4 Brandon Gormley Radko Gudas 10 0 2 3
PowerPlay Forward
Center Left Wing Right Wing Time % Phy DF OF
1 Jonathan Matsumoto Pasi Salonen Matt Halischuk 60 0 1 4
2 Mika Zibanejad Johannes Salmonsson Guillaume Desbiens 40 0 1 4
PowerPlay Defense
Defense Defense Time % Phy DF OF
1 Brandon Gormley Radko Gudas 60 0 2 3
2 Nate Guenin William Colbert 40 0 2 3
Penalty Kill 4 Players Forward
Center Wing Time % Phy DF OF
1 Cédric Lalonde-McNicoll Johannes Salmonsson 60 1 4 0
2 Max Reinhart Pasi Salonen 40 1 4 0
Penalty Kill 4 Players Defense
Defense Defense Time % Phy DF OF
1 Brandon Gormley Radko Gudas 60 1 4 0
2 Nate Guenin William Colbert 40 1 4 0
Penalty Kill - 3 Players Forward
Forward Time % Phy DF OF
1 Cédric Lalonde-McNicoll 60 1 4 0
2 Johannes Salmonsson 40 1 4 0
Penalty Kill - 3 Players Defense
Defense Defense Time % Phy DF OF
1 Brandon Gormley Radko Gudas 60 1 4 0
2 Nate Guenin William Colbert 40 1 4 0
4 vs 4 Forward
Center Wing Time % Phy DF OF
1 Jonathan Matsumoto Guillaume Desbiens 60 0 2 3
2 Mika Zibanejad Pasi Salonen 40 0 2 3
4 vs 4 Defense
Defense Defense Time % Phy DF OF
1 Brandon Gormley Radko Gudas 60 0 2 3
2 Nate Guenin William Colbert 40 0 2 3
Last Minutes Offensive
Center Left Wing Right Wing Defense Defense
Jonathan Matsumoto Pasi Salonen Petr Straka Brandon Gormley Radko Gudas
Last Minutes Defensive
Center Left Wing Right Wing Defense Defense
Cédric Lalonde-McNicoll Johannes Salmonsson Guillaume Desbiens William Colbert Nate Guenin
Goaltenders
Starting : Petr Mrazek
Backup : Tyler Plante
Extra Forwards
Normal : Jonathan Matsumoto, Mika Zibanejad, Matt Halischuk - PP : Jonathan Matsumoto, Mika Zibanejad - PK : Jonathan Cheechoo
Extra Defensemen
Normal : William Colbert, Radko Gudas, Brandon Gormley - PP : Brandon Gormley - PK : Nate Guenin, Brandon Gormley
Penalty Shots
Pasi Salonen, Jonathan Matsumoto, Jonathan Cheechoo, Mika Zibanejad, Cédric Lalonde-McNicoll
Knights
5 vs 5 Forward
Center Left Wing Right Wing Time % Phy DF OF
1 Zack Hamill Jason Zucker Chris Thorburn 40 0 2 3
2 Joe Colborne Michael Raffl Jimmy Hayes 30 0 2 3
3 Cody Bass Jonathan Huberdeau Kevin Hayes 20 0 2 3
4 Ryan Nugent-Hopkins Ronalds Kenins Linden Vey 10 1 2 2
5 vs 5 Defense
Defense Defense Time % Phy DF OF
1 Tomas Kundratek Nikita Nikitin 40 1 2 2
2 Jared Spurgeon Scott Jackson 30 1 2 2
3 Michael Stone Zach Trotman 20 1 2 2
4 Tomas Kundratek Jared Spurgeon 10 1 2 2
PowerPlay Forward
Center Left Wing Right Wing Time % Phy DF OF
1 Zack Hamill Michael Raffl Chris Thorburn 60 0 1 4
2 Joe Colborne Jason Zucker Jimmy Hayes 40 0 1 4
PowerPlay Defense
Defense Defense Time % Phy DF OF
1 Tomas Kundratek Jared Spurgeon 60 0 1 4
2 Nikita Nikitin Scott Jackson 40 0 1 4
Penalty Kill 4 Players Forward
Center Wing Time % Phy DF OF
1 Jimmy Hayes Chris Thorburn 60 1 2 2
2 Cody Bass Michael Raffl 40 1 2 2
Penalty Kill 4 Players Defense
Defense Defense Time % Phy DF OF
1 Tomas Kundratek Jared Spurgeon 60 1 2 2
2 Nikita Nikitin Scott Jackson 40 1 2 2
Penalty Kill - 3 Players Forward
Forward Time % Phy DF OF
1 Chris Thorburn 60 1 2 2
2 Jimmy Hayes 40 1 2 2
Penalty Kill - 3 Players Defense
Defense Defense Time % Phy DF OF
1 Tomas Kundratek Jared Spurgeon 60 1 2 2
2 Nikita Nikitin Scott Jackson 40 1 2 2
4 vs 4 Forward
Center Wing Time % Phy DF OF
1 Zack Hamill Jason Zucker 60 1 2 2
2 Ryan Nugent-Hopkins Michael Raffl 40 1 2 2
4 vs 4 Defense
Defense Defense Time % Phy DF OF
1 Tomas Kundratek Jared Spurgeon 60 1 2 2
2 Nikita Nikitin Scott Jackson 40 1 2 2
Last Minutes Offensive
Center Left Wing Right Wing Defense Defense
Zack Hamill Jason Zucker Chris Thorburn Tomas Kundratek Jared Spurgeon
Last Minutes Defensive
Center Left Wing Right Wing Defense Defense
Joe Colborne Michael Raffl Chris Thorburn Tomas Kundratek Jared Spurgeon
Goaltenders
Starting : Ben Scrivens
Backup : Jeff Glass
Extra Forwards
Normal : Cody Bass, Linden Vey, Jason Zucker - PP : Cody Bass, Linden Vey - PK : Jason Zucker
Extra Defensemen
Normal : Michael Stone, Zach Trotman, Nikita Nikitin - PP : Michael Stone - PK : Zach Trotman, Nikita Nikitin
Penalty Shots
Chris Thorburn, Jason Zucker, Zack Hamill, Michael Raffl, Joe Colborne
% Time on Ice - Remparts
Lines # - Real PCT - Wanted PCT - Time Play
Normal Forward
1 - 36% - 40% - 17:06
2 - 26% - 30% - 12:12
3 - 22% - 20% - 10:39
4 - 16% - 10% - 7:39
Normal Defense
1 - 41% - 40% - 19:27
2 - 33% - 30% - 15:42
3 - 22% - 20% - 10:27
4 - 4% - 10% - 2:00
PP Forward
1 - 61% - 60% - 6:04
2 - 39% - 40% - 3:51
PP Defense
1 - 58% - 60% - 5:46
2 - 42% - 40% - 4:09
PK Forward
1 - 93% - 60% - 2:18
2 - 7% - 40% - 0:11
PK Defense
1 - 79% - 60% - 1:57
2 - 21% - 40% - 0:32
PK3 Forward
1 - 0% - 60%
2 - 0% - 40%
PK3 Defense
1 - 0% - 60%
2 - 0% - 40%
44 Forward
1 - 0% - 60%
2 - 0% - 40%
44 Defense
1 - 0% - 60%
2 - 0% - 40%
Last Minute Offensive - 0:00
Last Minute Defensive - 0:00
Total
Forward - 60:00
Defense - 60:00
|
% Time on Ice - Knights
Lines # - Real PCT - Wanted PCT - Time Play
Normal Forward
1 - 36% - 40% - 16:57
2 - 26% - 30% - 12:36
3 - 20% - 20% - 9:43
4 - 18% - 10% - 8:20
Normal Defense
1 - 41% - 40% - 19:45
2 - 32% - 30% - 15:11
3 - 22% - 20% - 10:24
4 - 5% - 10% - 2:16
PP Forward
1 - 60% - 60% - 1:29
2 - 40% - 40% - 1:00
PP Defense
1 - 57% - 60% - 1:25
2 - 43% - 40% - 1:04
PK Forward
1 - 70% - 60% - 6:55
2 - 30% - 40% - 3:00
PK Defense
1 - 58% - 60% - 5:48
2 - 42% - 40% - 4:07
PK3 Forward
1 - 0% - 60%
2 - 0% - 40%
PK3 Defense
1 - 0% - 60%
2 - 0% - 40%
44 Forward
1 - 0% - 60%
2 - 0% - 40%
44 Defense
1 - 0% - 60%
2 - 0% - 40%
Last Minute Offensive - 0:00
Last Minute Defensive - 0:00
Total
Forward - 60:00
Defense - 60:00
|
Play by Play
1st period
0:01 of 1st period - Jonathan Matsumoto wins face-off versus Zack Hamill in neutral zone.
0:26 of 1st period - Joe Colborne is hit by Johannes Salmonsson.
0:30 of 1st period - Slapshot by Nikita Nikitin.
0:30 of 1st period - Deflect By Michael Raffl.
0:30 of 1st period - Shot Misses the Net.
0:30 of 1st period - Puck is out of play.
0:31 of 1st period - Cody Bass wins face-off versus Mika Zibanejad in Remparts zone.
0:34 of 1st period - Snap shot by Kevin Hayes.
0:34 of 1st period - Shot Blocked by William Colbert.
0:42 of 1st period - Wrist shot by Guillaume Desbiens.
0:42 of 1st period - Shot Blocked by Scott Jackson.
0:44 of 1st period - Slapshot by Nate Guenin.
0:44 of 1st period - Deflect By Johannes Salmonsson.
0:44 of 1st period - Shot Blocked by Jared Spurgeon.
0:44 of 1st period - Puck is out of play.
0:45 of 1st period - Ryan Nugent-Hopkins wins face-off versus Max Reinhart in Knights zone.
1:14 of 1st period - Cédric Lalonde-McNicoll is hit by Joe Colborne.
1:20 of 1st period - Snap shot by Joe Colborne.
1:20 of 1st period - Shot Misses the Net.
1:22 of 1st period - Snap shot by Jared Spurgeon.
1:22 of 1st period - Deflect By Joe Colborne.
1:22 of 1st period - Shot Misses the Net.
1:22 of 1st period - Puck is out of play.
1:23 of 1st period - Jonathan Matsumoto wins face-off versus Zack Hamill in Remparts zone.
1:36 of 1st period - Wrist shot by Pasi Salonen.
1:36 of 1st period - Shot Misses the Net.
1:38 of 1st period - Slapshot by Pasi Salonen.
1:38 of 1st period - Stopped by Ben Scrivens with a rebound.
2:08 of 1st period - Off-side.
2:09 of 1st period - Max Reinhart wins face-off versus Cody Bass in neutral zone.
2:12 of 1st period - Wrist shot by Petr Straka.
2:12 of 1st period - Stopped by Ben Scrivens without a rebound.
2:13 of 1st period - Max Reinhart wins face-off versus Cody Bass in Knights zone.
2:14 of 1st period - Backhand shot by Petr Straka.
2:14 of 1st period - Shot Misses the Net.
2:27 of 1st period - Off-side.
2:28 of 1st period - Zack Hamill wins face-off versus Jonathan Matsumoto in neutral zone.
2:54 of 1st period - Tomas Kundratek is hit by Jonathan Cheechoo.
3:02 of 1st period - Wrist shot by Jimmy Hayes.
3:02 of 1st period - Stopped by Petr Mrazek without a rebound.
3:03 of 1st period - Joe Colborne wins face-off versus Mika Zibanejad in Remparts zone.
3:04 of 1st period - Snap shot by Michael Raffl.
3:04 of 1st period - Shot Misses the Net.
3:40 of 1st period - Slapshot by Pasi Salonen.
3:40 of 1st period - Stopped by Ben Scrivens with a rebound.
3:54 of 1st period - Jared Spurgeon is hit by Geordie Wudrick and loses puck.
4:03 of 1st period - Slapshot by Jason Zucker.
4:03 of 1st period - Shot Misses the Net.
4:21 of 1st period - Wrist shot by Luca Caputi.
4:21 of 1st period - Shot Misses the Net.
4:23 of 1st period - Slapshot by Erik Gustafsson.
4:23 of 1st period - Shot Blocked by Kevin Hayes.
4:59 of 1st period - Ronalds Kenins is hit by Radko Gudas.
5:04 of 1st period - Off-side.
5:05 of 1st period - Jonathan Matsumoto wins face-off versus Cody Bass in neutral zone.
5:26 of 1st period - Minor Penalty to Kevin Hayes for High sticking.
5:27 of 1st period - Jonathan Matsumoto wins face-off versus Jimmy Hayes in Knights zone.
5:30 of 1st period - Slapshot by Jonathan Matsumoto.
5:30 of 1st period - Shot Misses the Net.
5:40 of 1st period - Snap shot by Pasi Salonen.
5:40 of 1st period - Deflect By Matt Halischuk.
5:40 of 1st period - Shot Misses the Net.
5:40 of 1st period - Puck is out of play.
5:41 of 1st period - Jimmy Hayes wins face-off versus Jonathan Matsumoto in Knights zone.
5:44 of 1st period - Wrist shot by Pasi Salonen.
5:44 of 1st period - Stopped by Ben Scrivens without a rebound.
5:45 of 1st period - Jonathan Matsumoto wins face-off versus Jimmy Hayes in Knights zone.
5:48 of 1st period - Snap shot by Pasi Salonen.
5:48 of 1st period - Deflect By Matt Halischuk.
5:48 of 1st period - Shot Blocked by Jared Spurgeon.
5:48 of 1st period - Puck is out of play.
5:49 of 1st period - Jimmy Hayes wins face-off versus Jonathan Matsumoto in Knights zone.
5:49 of 1st period - Jimmy Hayes is hit by Pasi Salonen.
6:23 of 1st period - Snap shot by Jonathan Matsumoto.
6:23 of 1st period - Stopped by Ben Scrivens with a rebound.
6:25 of 1st period - Slapshot by Brandon Gormley.
6:25 of 1st period - Shot Misses the Net.
6:27 of 1st period - Slapshot by Radko Gudas.
6:27 of 1st period - Deflect By Matt Halischuk.
6:27 of 1st period - Shot Misses the Net.
6:27 of 1st period - Puck is out of play.
6:28 of 1st period - Cody Bass wins face-off versus Mika Zibanejad in Knights zone.
6:53 of 1st period - Nate Guenin is hit by Jimmy Hayes and loses puck.
7:26 of 1st period - Penalty to Kevin Hayes is over, Kevin Hayes is back on ice.
9:33 of 1st period - Michael Stone is hit by Matt Halischuk and loses puck.
9:59 of 1st period - Jonathan Cheechoo is hit by Jonathan Huberdeau and loses puck.
10:07 of 1st period - Minor Penalty to Nikita Nikitin for Roughing.
10:08 of 1st period - Jonathan Matsumoto wins face-off versus Jimmy Hayes in Knights zone.
10:09 of 1st period - Wrist shot by Pasi Salonen.
10:09 of 1st period - Stopped by Ben Scrivens without a rebound.
10:10 of 1st period - Jonathan Matsumoto wins face-off versus Jimmy Hayes in Knights zone.
10:21 of 1st period - Slapshot by Matt Halischuk.
10:21 of 1st period - Shot Misses the Net.
12:07 of 1st period - Penalty to Nikita Nikitin is over, Nikita Nikitin is back on ice.
12:24 of 1st period - Tomas Kundratek is hit by Jonathan Cheechoo and loses puck.
14:17 of 1st period - Geordie Wudrick is hit by Cody Bass and loses puck.
14:32 of 1st period - Linden Vey is hit by Pasi Salonen and loses puck.
14:43 of 1st period - Brandon Gormley is hit by Jimmy Hayes.
14:47 of 1st period - Radko Gudas is hit by Jimmy Hayes and loses puck.
15:13 of 1st period - Slapshot by Jonathan Matsumoto.
15:13 of 1st period - Stopped by Ben Scrivens with a rebound.
15:29 of 1st period - Cédric Lalonde-McNicoll is hit by Linden Vey and loses puck.
15:58 of 1st period - Cody Bass is hit by Matt Halischuk and loses puck.
16:29 of 1st period - Radko Gudas is hit by Kevin Hayes and loses puck.
16:36 of 1st period - Snap shot by Jonathan Huberdeau.
16:36 of 1st period - Shot Misses the Net.
16:57 of 1st period - Snap shot by Cody Bass.
16:57 of 1st period - Stopped by Petr Mrazek without a rebound.
16:58 of 1st period - Jonathan Matsumoto wins face-off versus Zack Hamill in Remparts zone.
17:08 of 1st period - Jared Spurgeon is hit by Matt Halischuk and loses puck.
17:34 of 1st period - Zach Trotman is hit by Mika Zibanejad and loses puck.
17:45 of 1st period - Zach Trotman is hit by Jonathan Cheechoo and loses puck.
17:54 of 1st period - Wrist shot by Jonathan Cheechoo.
17:54 of 1st period - Deflect By Zack Hamill.
17:54 of 1st period - Stopped by Ben Scrivens with a rebound.
18:04 of 1st period - Slapshot by Joe Colborne.
18:04 of 1st period - Stopped by Petr Mrazek with a rebound.
18:06 of 1st period - Slapshot by Zach Trotman.
18:06 of 1st period - Stopped by Petr Mrazek without a rebound.
18:07 of 1st period - Jonathan Matsumoto wins face-off versus Joe Colborne in Remparts zone.
18:20 of 1st period - Wrist shot by Jimmy Hayes.
18:20 of 1st period - Stopped by Petr Mrazek without a rebound.
18:21 of 1st period - Jonathan Matsumoto wins face-off versus Joe Colborne in Remparts zone.
18:26 of 1st period - Wrist shot by Radko Gudas.
18:26 of 1st period - Shot Blocked by Tomas Kundratek.
18:51 of 1st period - Wrist shot by Jared Spurgeon.
18:51 of 1st period - Shot Misses the Net.
19:11 of 1st period - Slapshot by Radko Gudas.
19:11 of 1st period - Shot Misses the Net.
19:13 of 1st period - Slapshot by Brandon Gormley.
19:13 of 1st period - Shot Misses the Net.
19:27 of 1st period - Snap shot by Cédric Lalonde-McNicoll.
19:27 of 1st period - Shot Misses the Net.
19:29 of 1st period - Wrist shot by Cédric Lalonde-McNicoll.
19:29 of 1st period - Stopped by Ben Scrivens with a rebound.
19:31 of 1st period - Slapshot by Jonathan Cheechoo.
19:31 of 1st period - Deflect By Geordie Wudrick.
19:31 of 1st period - Shot Misses the Net.
19:31 of 1st period - Puck is out of play.
19:32 of 1st period - Zack Hamill wins face-off versus Pasi Salonen in Knights zone.
Goals for this period are 0 for Remparts vs 0 for Knights.
Shots for this period are 9 for Remparts vs 5 for Knights.
2nd period
0:01 of 2nd period - Jonathan Matsumoto wins face-off versus Zack Hamill in neutral zone.
0:06 of 2nd period - Snap shot by Matt Halischuk.
0:06 of 2nd period - Shot Misses the Net.
0:08 of 2nd period - Slapshot by Brandon Gormley.
0:08 of 2nd period - Stopped by Ben Scrivens without a rebound.
0:09 of 2nd period - Pasi Salonen wins face-off versus Zack Hamill in Knights zone.
0:22 of 2nd period - Wrist shot by Jonathan Matsumoto.
0:22 of 2nd period - Stopped by Ben Scrivens without a rebound.
0:23 of 2nd period - Zack Hamill wins face-off versus Jonathan Matsumoto in Knights zone.
1:13 of 2nd period - Wrist shot by Ryan Nugent-Hopkins.
1:13 of 2nd period - Stopped by Petr Mrazek with a rebound.
1:15 of 2nd period - Snap shot by Nikita Nikitin.
1:15 of 2nd period - Shot Misses the Net.
1:17 of 2nd period - Slapshot by Tomas Kundratek.
1:17 of 2nd period - Deflect By Ronalds Kenins.
1:17 of 2nd period - Shot Misses the Net.
1:17 of 2nd period - Puck is out of play.
1:18 of 2nd period - Jonathan Matsumoto wins face-off versus Zack Hamill in Remparts zone.
1:18 of 2nd period - Jonathan Matsumoto is hit by Zack Hamill.
1:30 of 2nd period - Wrist shot by Matt Halischuk.
1:30 of 2nd period - Stopped by Ben Scrivens with a rebound.
1:44 of 2nd period - Nate Guenin is hit by Joe Colborne.
1:54 of 2nd period - Nate Guenin is hit by Jared Spurgeon and loses puck.
2:29 of 2nd period - Wrist shot by Ronalds Kenins.
2:29 of 2nd period - Shot Misses the Net.
2:33 of 2nd period - Wrist shot by Linden Vey.
2:33 of 2nd period - Shot Blocked by Guillaume Desbiens.
2:35 of 2nd period - Slapshot by Scott Jackson.
2:35 of 2nd period - Stopped by Petr Mrazek without a rebound.
2:36 of 2nd period - Zack Hamill wins face-off versus Pasi Salonen in Remparts zone.
2:43 of 2nd period - Snap shot by Chris Thorburn.
2:43 of 2nd period - Shot Blocked by Brandon Gormley.
2:45 of 2nd period - Slapshot by Tomas Kundratek.
2:45 of 2nd period - Stopped by Petr Mrazek with a rebound.
2:51 of 2nd period - Snap shot by Zack Hamill.
2:51 of 2nd period - Stopped by Petr Mrazek with a rebound.
3:40 of 2nd period - Snap shot by Joe Colborne.
3:40 of 2nd period - Stopped by Petr Mrazek without a rebound.
3:41 of 2nd period - Jonathan Matsumoto wins face-off versus Zack Hamill in Remparts zone.
3:43 of 2nd period - Icing by Nate Guenin.
3:44 of 2nd period - Jonathan Matsumoto wins face-off versus Zack Hamill in Remparts zone.
3:55 of 2nd period - Slapshot by Chris Thorburn.
3:55 of 2nd period - Shot Blocked by Pasi Salonen.
3:57 of 2nd period - Slapshot by Jason Zucker.
3:57 of 2nd period - Stopped by Petr Mrazek with a rebound.
3:59 of 2nd period - Snap shot by Zack Hamill.
3:59 of 2nd period - Shot Blocked by Pasi Salonen.
4:31 of 2nd period - Slapshot by Jared Spurgeon.
4:31 of 2nd period - Shot Misses the Net.
4:46 of 2nd period - Icing by Linden Vey.
4:47 of 2nd period - Joe Colborne wins face-off versus Cédric Lalonde-McNicoll in Knights zone.
4:47 of 2nd period - Joe Colborne is hit by Erik Gustafsson.
4:57 of 2nd period - Wrist shot by Cédric Lalonde-McNicoll.
4:57 of 2nd period - Shot Blocked by Jimmy Hayes.
4:59 of 2nd period - Backhand shot by Cédric Lalonde-McNicoll.
4:59 of 2nd period - Shot Misses the Net.
5:01 of 2nd period - Slapshot by Geordie Wudrick.
5:01 of 2nd period - Stopped by Ben Scrivens without a rebound.
5:02 of 2nd period - Jonathan Matsumoto wins face-off versus Zack Hamill in Knights zone.
5:08 of 2nd period - Minor Penalty to Tomas Kundratek for High sticking.
5:09 of 2nd period - Jimmy Hayes wins face-off versus Jonathan Matsumoto in Knights zone.
5:18 of 2nd period - Off-side.
5:19 of 2nd period - Jimmy Hayes wins face-off versus Jonathan Matsumoto in neutral zone.
5:26 of 2nd period - Slapshot by Brandon Gormley.
5:26 of 2nd period - Stopped by Ben Scrivens with a rebound.
5:28 of 2nd period - Snap shot by Jonathan Matsumoto.
5:28 of 2nd period - Stopped by Ben Scrivens without a rebound.
5:29 of 2nd period - Jimmy Hayes wins face-off versus Jonathan Matsumoto in Knights zone.
5:56 of 2nd period - Brandon Gormley is hit by Cody Bass.
6:50 of 2nd period - Nate Guenin is hit by Jonathan Huberdeau and loses puck.
7:08 of 2nd period - Penalty to Tomas Kundratek is over, Tomas Kundratek is back on ice.
7:15 of 2nd period - Linden Vey is hit by Petr Straka and loses puck.
7:20 of 2nd period - Slapshot by Petr Straka.
7:20 of 2nd period - Shot Misses the Net.
7:36 of 2nd period - Geordie Wudrick is hit by Tomas Kundratek and loses puck.
8:07 of 2nd period - Chris Thorburn is hit by Guillaume Desbiens and loses puck.
9:05 of 2nd period - Michael Raffl is hit by Pasi Salonen and loses puck.
9:20 of 2nd period - Mika Zibanejad is hit by Chris Thorburn and loses puck.
9:38 of 2nd period - Michael Stone is hit by Jonathan Cheechoo and loses puck.
9:46 of 2nd period - Minor Penalty to Nate Guenin for Holding.
9:47 of 2nd period - Michael Raffl wins face-off versus Cédric Lalonde-McNicoll in Remparts zone.
10:00 of 2nd period - Snap shot by Chris Thorburn.
10:00 of 2nd period - Stopped by Petr Mrazek without a rebound.
10:01 of 2nd period - Cédric Lalonde-McNicoll wins face-off versus Zack Hamill in Remparts zone.
10:14 of 2nd period - Snap shot by Cédric Lalonde-McNicoll.
10:14 of 2nd period - Shot Misses the Net.
10:34 of 2nd period - Wrist shot by Joe Colborne.
10:34 of 2nd period - Goal by Joe Colborne - Remparts : 0 - Knights : 1.
10:35 of 2nd period - Jason Zucker wins face-off versus Jonathan Matsumoto in neutral zone.
10:47 of 2nd period - Icing by Brandon Gormley.
10:48 of 2nd period - Zack Hamill wins face-off versus Jonathan Matsumoto in Remparts zone.
11:04 of 2nd period - Snap shot by Matt Halischuk.
11:04 of 2nd period - Goal by Matt Halischuk - Remparts : 1 - Knights : 1.
11:05 of 2nd period - Jonathan Matsumoto wins face-off versus Zack Hamill in neutral zone.
11:05 of 2nd period - Jonathan Matsumoto is hit by Tomas Kundratek.
11:23 of 2nd period - Pasi Salonen is hit by Chris Thorburn and loses puck.
11:34 of 2nd period - Snap shot by Joe Colborne.
11:34 of 2nd period - Stopped by Petr Mrazek with a rebound.
11:36 of 2nd period - Slapshot by Tomas Kundratek.
11:36 of 2nd period - Stopped by Petr Mrazek with a rebound.
11:56 of 2nd period - Slapshot by Radko Gudas.
11:56 of 2nd period - Shot Misses the Net.
11:58 of 2nd period - Slapshot by Radko Gudas.
11:58 of 2nd period - Stopped by Ben Scrivens with a rebound.
12:52 of 2nd period - Snap shot by Linden Vey.
12:52 of 2nd period - Stopped by Petr Mrazek with a rebound.
12:54 of 2nd period - Slapshot by Linden Vey.
12:54 of 2nd period - Shot Misses the Net.
13:10 of 2nd period - Wrist shot by Ronalds Kenins.
13:10 of 2nd period - Stopped by Petr Mrazek without a rebound.
13:11 of 2nd period - Mika Zibanejad wins face-off versus Zack Hamill in Remparts zone.
13:19 of 2nd period - Minor Penalty to Jason Zucker for Tripping.
13:20 of 2nd period - Jimmy Hayes wins face-off versus Jonathan Matsumoto in Knights zone.
13:32 of 2nd period - Slapshot by Matt Halischuk.
13:32 of 2nd period - Stopped by Ben Scrivens without a rebound.
13:33 of 2nd period - Jimmy Hayes wins face-off versus Jonathan Matsumoto in Knights zone.
13:39 of 2nd period - Icing by Radko Gudas.
13:40 of 2nd period - Jonathan Matsumoto wins face-off versus Jimmy Hayes in Remparts zone.
13:51 of 2nd period - Snap shot by Pasi Salonen.
13:51 of 2nd period - Shot Blocked by Scott Jackson.
13:53 of 2nd period - Snap shot by Matt Halischuk.
13:53 of 2nd period - Stopped by Ben Scrivens with a rebound.
13:55 of 2nd period - Snap shot by Brandon Gormley.
13:55 of 2nd period - Shot Blocked by Jimmy Hayes.
14:34 of 2nd period - Slapshot by Radko Gudas.
14:34 of 2nd period - Stopped by Ben Scrivens without a rebound.
14:35 of 2nd period - Cody Bass wins face-off versus Jonathan Matsumoto in Knights zone.
15:19 of 2nd period - Penalty to Jason Zucker is over, Jason Zucker is back on ice.
15:32 of 2nd period - Michael Stone is hit by Petr Straka and loses puck.
15:49 of 2nd period - Slapshot by Radko Gudas.
15:49 of 2nd period - Stopped by Ben Scrivens without a rebound.
15:50 of 2nd period - Cody Bass wins face-off versus Cédric Lalonde-McNicoll in Knights zone.
15:50 of 2nd period - Cody Bass is hit by Jonathan Cheechoo.
15:58 of 2nd period - Slapshot by Cody Bass.
15:58 of 2nd period - Shot Misses the Net.
16:00 of 2nd period - Snap shot by Kevin Hayes.
16:00 of 2nd period - Stopped by Petr Mrazek with a rebound.
16:12 of 2nd period - Slapshot by Jonathan Huberdeau.
16:12 of 2nd period - Stopped by Petr Mrazek with a rebound.
16:14 of 2nd period - Slapshot by Scott Jackson.
16:14 of 2nd period - Stopped by Petr Mrazek with a rebound.
16:24 of 2nd period - Snap shot by Kevin Hayes.
16:24 of 2nd period - Stopped by Petr Mrazek with a rebound.
16:26 of 2nd period - Wrist shot by Cody Bass.
16:26 of 2nd period - Stopped by Petr Mrazek without a rebound.
16:27 of 2nd period - Mika Zibanejad wins face-off versus Zack Hamill in Remparts zone.
17:06 of 2nd period - Slapshot by Joe Colborne.
17:06 of 2nd period - Stopped by Petr Mrazek with a rebound.
17:16 of 2nd period - Slapshot by Max Reinhart.
17:16 of 2nd period - Deflect By Luca Caputi.
17:16 of 2nd period - Shot Blocked by Ronalds Kenins.
17:16 of 2nd period - Puck is out of play.
17:17 of 2nd period - Max Reinhart wins face-off versus Ryan Nugent-Hopkins in Knights zone.
17:20 of 2nd period - Slapshot by Radko Gudas.
17:20 of 2nd period - Shot Misses the Net.
17:40 of 2nd period - Minor Penalty to Ryan Nugent-Hopkins for Interference.
17:41 of 2nd period - Jonathan Matsumoto wins face-off versus Jimmy Hayes in Knights zone.
17:50 of 2nd period - Wrist shot by Matt Halischuk.
17:50 of 2nd period - Shot Misses the Net.
17:52 of 2nd period - Snap shot by Pasi Salonen.
17:52 of 2nd period - Stopped by Ben Scrivens without a rebound.
17:53 of 2nd period - Jimmy Hayes wins face-off versus Jonathan Matsumoto in Knights zone.
19:40 of 2nd period - Penalty to Ryan Nugent-Hopkins is over, Ryan Nugent-Hopkins is back on ice.
19:58 of 2nd period - Ronalds Kenins is hit by Luca Caputi and loses puck.
Goals for this period are 1 for Remparts vs 1 for Knights.
Shots for this period are 13 for Remparts vs 18 for Knights.
3rd period
0:01 of 3rd period - Jonathan Matsumoto wins face-off versus Zack Hamill in neutral zone.
0:32 of 3rd period - Nate Guenin is hit by Michael Raffl.
0:51 of 3rd period - Tomas Kundratek is hit by Luca Caputi and loses puck.
1:14 of 3rd period - Snap shot by Cédric Lalonde-McNicoll.
1:14 of 3rd period - Stopped by Ben Scrivens with a rebound.
1:48 of 3rd period - Joe Colborne is hit by Brandon Gormley and loses puck.
1:57 of 3rd period - Radko Gudas is hit by Scott Jackson and loses puck.
2:12 of 3rd period - Snap shot by Cody Bass.
2:12 of 3rd period - Stopped by Petr Mrazek without a rebound.
2:13 of 3rd period - Mika Zibanejad wins face-off versus Cody Bass in Remparts zone.
2:38 of 3rd period - Luca Caputi is hit by Michael Stone and loses puck.
3:03 of 3rd period - Snap shot by Jimmy Hayes.
3:03 of 3rd period - Stopped by Petr Mrazek without a rebound.
3:04 of 3rd period - Jonathan Matsumoto wins face-off versus Jason Zucker in Remparts zone.
4:06 of 3rd period - Snap shot by Kevin Hayes.
4:06 of 3rd period - Stopped by Petr Mrazek with a rebound.
4:30 of 3rd period - Snap shot by Petr Straka.
4:30 of 3rd period - Shot Misses the Net.
4:54 of 3rd period - Slapshot by Jimmy Hayes.
4:54 of 3rd period - Deflect By Petr Straka.
4:54 of 3rd period - Shot Misses the Net.
4:54 of 3rd period - Puck is out of play.
4:55 of 3rd period - Jonathan Matsumoto wins face-off versus Joe Colborne in Remparts zone.
5:28 of 3rd period - Snap shot by Kevin Hayes.
5:28 of 3rd period - Stopped by Petr Mrazek without a rebound.
5:29 of 3rd period - Zack Hamill wins face-off versus Johannes Salmonsson in Remparts zone.
5:32 of 3rd period - Slapshot by Chris Thorburn.
5:32 of 3rd period - Shot Blocked by Nate Guenin.
5:34 of 3rd period - Slapshot by Zack Hamill.
5:34 of 3rd period - Shot Misses the Net.
5:36 of 3rd period - Slapshot by Jason Zucker.
5:36 of 3rd period - Shot Blocked by Johannes Salmonsson.
5:38 of 3rd period - Snap shot by Chris Thorburn.
5:38 of 3rd period - Stopped by Petr Mrazek with a rebound.
5:40 of 3rd period - Slapshot by Chris Thorburn.
5:40 of 3rd period - Shot Misses the Net.
5:42 of 3rd period - Slapshot by Scott Jackson.
5:42 of 3rd period - Stopped by Petr Mrazek without a rebound.
5:43 of 3rd period - Zack Hamill wins face-off versus Jonathan Matsumoto in Remparts zone.
5:52 of 3rd period - Wrist shot by Zack Hamill.
5:52 of 3rd period - Deflect By Chris Thorburn.
5:52 of 3rd period - Shot Misses the Net.
5:52 of 3rd period - Puck is out of play.
5:53 of 3rd period - Jonathan Matsumoto wins face-off versus Zack Hamill in Remparts zone.
6:20 of 3rd period - Snap shot by Pasi Salonen.
6:20 of 3rd period - Shot Blocked by Tomas Kundratek.
6:44 of 3rd period - Wrist shot by Jonathan Matsumoto.
6:44 of 3rd period - Shot Misses the Net.
7:01 of 3rd period - Wrist shot by Chris Thorburn.
7:01 of 3rd period - Stopped by Petr Mrazek without a rebound.
7:02 of 3rd period - Joe Colborne wins face-off versus Mika Zibanejad in Remparts zone.
7:13 of 3rd period - Snap shot by Johannes Salmonsson.
7:13 of 3rd period - Stopped by Ben Scrivens with a rebound.
7:15 of 3rd period - Wrist shot by Guillaume Desbiens.
7:15 of 3rd period - Deflect By Johannes Salmonsson.
7:15 of 3rd period - Shot Blocked by Michael Raffl.
7:15 of 3rd period - Puck is out of play.
7:16 of 3rd period - Joe Colborne wins face-off versus Mika Zibanejad in Knights zone.
7:46 of 3rd period - Snap shot by Kevin Hayes.
7:46 of 3rd period - Shot Misses the Net.
7:48 of 3rd period - Slapshot by Scott Jackson.
7:48 of 3rd period - Deflect By Kevin Hayes.
7:48 of 3rd period - Goal by Kevin Hayes - Remparts : 1 - Knights : 2.
7:49 of 3rd period - Zack Hamill wins face-off versus Jonathan Matsumoto in neutral zone.
7:56 of 3rd period - Snap shot by Matt Halischuk.
7:56 of 3rd period - Shot Blocked by Tomas Kundratek.
7:58 of 3rd period - Wrist shot by Radko Gudas.
7:58 of 3rd period - Stopped by Ben Scrivens with a rebound.
8:00 of 3rd period - Slapshot by Brandon Gormley.
8:00 of 3rd period - Deflect By Jonathan Matsumoto.
8:00 of 3rd period - Shot Misses the Net.
8:00 of 3rd period - Puck is out of play.
8:01 of 3rd period - Jonathan Matsumoto wins face-off versus Zack Hamill in Knights zone.
8:08 of 3rd period - Snap shot by Jonathan Matsumoto.
8:08 of 3rd period - Deflect By Pasi Salonen.
8:08 of 3rd period - Stopped by Ben Scrivens with a rebound.
8:16 of 3rd period - Slapshot by Chris Thorburn.
8:16 of 3rd period - Shot Misses the Net.
8:31 of 3rd period - Snap shot by Michael Raffl.
8:31 of 3rd period - Shot Blocked by Brandon Gormley.
8:53 of 3rd period - Petr Straka is hit by Scott Jackson and loses puck.
9:42 of 3rd period - Backhand shot by Jonathan Matsumoto.
9:42 of 3rd period - Deflect By Pasi Salonen.
9:42 of 3rd period - Stopped by Ben Scrivens with a rebound.
9:44 of 3rd period - Snap shot by Jonathan Matsumoto.
9:44 of 3rd period - Stopped by Ben Scrivens with a rebound.
9:56 of 3rd period - Snap shot by Mika Zibanejad.
9:56 of 3rd period - Deflect By Guillaume Desbiens.
9:56 of 3rd period - Stopped by Ben Scrivens without a rebound.
9:57 of 3rd period - Joe Colborne wins face-off versus Mika Zibanejad in Knights zone.
9:57 of 3rd period - Joe Colborne is hit by Guillaume Desbiens.
10:27 of 3rd period - Slapshot by Cody Bass.
10:27 of 3rd period - Shot Blocked by Erik Gustafsson.
10:29 of 3rd period - Snap shot by Kevin Hayes.
10:29 of 3rd period - Shot Misses the Net.
10:45 of 3rd period - Guillaume Desbiens is hit by Chris Thorburn.
10:55 of 3rd period - Mika Zibanejad is hit by Chris Thorburn and loses puck.
11:45 of 3rd period - Icing by Nate Guenin.
11:46 of 3rd period - Joe Colborne wins face-off versus Max Reinhart in Remparts zone.
11:49 of 3rd period - Snap shot by Zack Hamill.
11:49 of 3rd period - Stopped by Petr Mrazek with a rebound.
12:13 of 3rd period - Nate Guenin is hit by Joe Colborne.
13:01 of 3rd period - Slapshot by William Colbert.
13:01 of 3rd period - Stopped by Ben Scrivens without a rebound.
13:02 of 3rd period - Mika Zibanejad wins face-off versus Zack Hamill in Knights zone.
13:29 of 3rd period - Slapshot by Matt Halischuk.
13:29 of 3rd period - Shot Hit the Post.
13:35 of 3rd period - Snap shot by Joe Colborne.
13:35 of 3rd period - Goal by Joe Colborne - Remparts : 1 - Knights : 3.
13:36 of 3rd period - Jonathan Matsumoto wins face-off versus Zack Hamill in neutral zone.
13:49 of 3rd period - Wrist shot by Matt Halischuk.
13:49 of 3rd period - Goal by Matt Halischuk - Remparts : 2 - Knights : 3.
13:50 of 3rd period - Jonathan Matsumoto wins face-off versus Zack Hamill in neutral zone.
13:55 of 3rd period - Snap shot by Jonathan Matsumoto.
13:55 of 3rd period - Stopped by Ben Scrivens without a rebound.
13:56 of 3rd period - Zack Hamill wins face-off versus Jonathan Matsumoto in Knights zone.
14:21 of 3rd period - Snap shot by Guillaume Desbiens.
14:21 of 3rd period - Shot Blocked by Tomas Kundratek.
14:23 of 3rd period - Slapshot by Brandon Gormley.
14:23 of 3rd period - Shot Blocked by Tomas Kundratek.
14:25 of 3rd period - Snap shot by Mika Zibanejad.
14:25 of 3rd period - Stopped by Ben Scrivens without a rebound.
14:26 of 3rd period - Mika Zibanejad wins face-off versus Joe Colborne in Knights zone.
14:58 of 3rd period - Wrist shot by Zack Hamill.
14:58 of 3rd period - Stopped by Petr Mrazek without a rebound.
14:59 of 3rd period - Zack Hamill wins face-off versus Jonathan Matsumoto in Remparts zone.
15:18 of 3rd period - Jason Zucker is hit by Matt Halischuk and loses puck.
16:17 of 3rd period - Nate Guenin is hit by Jason Zucker and loses puck.
16:30 of 3rd period - Snap shot by Zack Hamill.
16:30 of 3rd period - Stopped by Petr Mrazek with a rebound.
16:32 of 3rd period - Slapshot by Jared Spurgeon.
16:32 of 3rd period - Deflect By Chris Thorburn.
16:32 of 3rd period - Goal by Chris Thorburn - Remparts : 2 - Knights : 4.
16:33 of 3rd period - Max Reinhart wins face-off versus Cody Bass in neutral zone.
16:40 of 3rd period - Slapshot by Radko Gudas.
16:40 of 3rd period - Shot Misses the Net.
16:42 of 3rd period - Slapshot by Petr Straka.
16:42 of 3rd period - Stopped by Ben Scrivens with a rebound.
16:44 of 3rd period - Snap shot by Luca Caputi.
16:44 of 3rd period - Shot Misses the Net.
16:46 of 3rd period - Wrist shot by Max Reinhart.
16:46 of 3rd period - Stopped by Ben Scrivens without a rebound.
16:47 of 3rd period - Joe Colborne wins face-off versus Mika Zibanejad in Knights zone.
16:58 of 3rd period - Wrist shot by Guillaume Desbiens.
16:58 of 3rd period - Shot Blocked by Joe Colborne.
17:00 of 3rd period - Snap shot by Guillaume Desbiens.
17:00 of 3rd period - Shot Blocked by Jimmy Hayes.
17:02 of 3rd period - Snap shot by Johannes Salmonsson.
17:02 of 3rd period - Deflect By Mika Zibanejad.
17:02 of 3rd period - Shot Blocked by Jimmy Hayes.
17:02 of 3rd period - Puck is out of play.
17:03 of 3rd period - Max Reinhart wins face-off versus Cody Bass in Knights zone.
17:18 of 3rd period - Wrist shot by Cody Bass.
17:18 of 3rd period - Stopped by Petr Mrazek with a rebound.
17:37 of 3rd period - Wrist shot by Jared Spurgeon.
17:37 of 3rd period - Stopped by Petr Mrazek with a rebound.
18:18 of 3rd period - Minor Penalty to Matt Halischuk for Hooking.
18:19 of 3rd period - Cédric Lalonde-McNicoll wins face-off versus Zack Hamill in Remparts zone.
18:19 of 3rd period - Cédric Lalonde-McNicoll is hit by Zack Hamill.
Goals for this period are 1 for Remparts vs 3 for Knights.
Shots for this period are 13 for Remparts vs 15 for Knights.
Back to the Top